 Dungeon Crawl Stone Soup version 0.31.0-32-g396128a36d (webtiles) character file.

Game seed: 11989631346989409060

992 PaiMei the Grave Robber (level 7, -1/54 HPs)
             Began as a Demonspawn Necromancer on Mar 31, 2024.
             Slain by an iguana (7 damage)
             ... on level 6 of the Dungeon.
             The game lasted 00:09:29 (5158 turns).

PaiMei the Grave Robber (Demonspawn Necromancer)    Turns: 5158, Time: 00:09:30

Health: -1/54      AC:  4    Str: 13    XL:     7   Next: 98%
Magic:  4/4        EV: 13    Int: 15    God:
Gold:   205        SH:  0    Dex: 13    Spells: 11/15 levels left

rFire   . . .        d - +9 mace "Xicve" {antimagic, Str+4 Int-2}
rCold   . . .        (no shield)
rNeg    . . .        a - +0 robe
rPois   .            (no helmet)
rElec   .            (cloak unavailable)
rCorr   +            (no gloves)
SInv    .            (no boots)
Will    .....        h - amulet of magic regeneration
Stlth   ++           k - ring of resist corrosion
HPRegen 0.29/turn    (no ring)
MPRegen 0.49/turn

%: no passive effects
@: no status effects
A: slimy green scales 1, weakness stinger 3
a: no special abilities


You were on level 6 of the Dungeon.
You visited 1 branch of the dungeon, and saw 6 of its levels.

You collected 205 gold pieces.

Inventory:

Hand Weapons
 d - the +9 mace "Xicve" (weapon) {antimagic, Str+4 Int-2}
   (You found it on level 3 of the Dungeon)

   Str+4:     It affects your strength (+4).
   Int-2:     It affects your intelligence (-2).
 f - a +0 spear
Missiles
 C - 3 javelins
Armour
 a - a +0 robe (worn)
Jewellery
 h - an amulet of magic regeneration (around neck)
 k - a ring of resist corrosion (left hand)
 n - an amulet of guardian spirit
 w - a ring of fire
Wands
 D - a wand of charming (12)
Scrolls
 c - 2 scrolls of brand weapon {unknown}
 i - a scroll of enchant armour {unknown}
 j - 2 scrolls of enchant weapon {unknown}
 l - 5 scrolls of identify {unknown}
 m - 2 scrolls of noise {unknown}
 o - 2 scrolls of vulnerability {unknown}
 t - a scroll of fog {unknown}
 y - a scroll of teleportation {unknown}
 A - a scroll of blinking {unknown}
Potions
 b - a potion of magic
 e - a potion of might {unknown}
 g - 3 potions of brilliance {unknown}
 p - 3 potions of ambrosia {unknown}
 q - 2 potions of lignification {unknown}
 r - a potion of invisibility {unknown}
 s - a potion of curing {unknown}
 u - a potion of degeneration {unknown}
 v - a potion of heal wounds {unknown}
 x - 2 potions of enlightenment {unknown}
 z - a potion of berserk rage {unknown}
 B - a potion of haste {unknown}


   Skills:
 + Level 4.2 Fighting
 + Level 4.5 Dodging
 - Level 2.0 Stealth
 + Level 4.6 Spellcasting
 + Level 6.6 Necromancy


You had 11 spell levels left.
You knew the following spells:

 Your Spells              Type           Power      Damage    Failure   Level
a - Necrotise             Necr           92%        1d8       1%          1
b - Vampiric Draining     Necr           23%        2d7       3%          3

Your spell library contained the following spells:

 Spells                   Type           Power      Damage    Failure   Level
 Sublimation of Blood     Necr           23%        N/A       1%          2
 Fugue of the Fallen      Necr           23%        N/A       3%          3
 Animate Dead             Necr           23%        N/A       11%         4
 Call Imp                 Summ           6%         N/A       26%         2
 Ensorcelled Hibernation  Hex/Ice        6%         N/A       26%         2
 Curse of Agony           Necr           23%        N/A       30%         5
 Anguish                  Hex/Necr       6%         N/A       41%         4
 Ozocubu's Armour         Ice            3%         N/A       45%         3
 Volatile Blastmotes      Fire/Tloc      6%         2d10      45%         3
 Fulminant Prism          Conj/Alch      1%         3d5       86%         4
 Iskenderun's Mystic Bla  Conj/Tloc      3%         2d3       86%         4
 Manifold Assault         Tloc           3%         N/A       86%         4
 Summon Hydra             Summ           1%         N/A       100%        7


Dungeon Overview and Level Annotations

Branches:
Dungeon (6/15)
 Temple: D:4-7

Altars:

Shops:
D:1 (

Annotations:
D:2 1 runed translucent door, Crazy Yiuf


Innate Abilities, Weirdness & Mutations

You are partially covered in slimy green scales. (AC +2)
You have a sharp stinger which inflicts weakening toxins.


Message History

The black bear barely resists.
The black bear barely misses you.
The black bear claws you but does no damage.
The black bear claws you.
You barely miss the black bear.
The black bear is moderately wounded.
The black bear bites you but does no damage.
The black bear claws you.
The black bear claws you but does no damage.
The black bear barely misses you. The black bear closely misses you.
The black bear claws you.
You sock the black bear!
The black bear is heavily wounded.
The black bear barely misses you. The black bear closely misses you.
The black bear claws you.
You sock the black bear!
The black bear is almost dead.
The black bear goes berserk!
You barely miss the black bear.
The black bear is almost dead.
The black bear bites you. The black bear claws you. The black bear misses you.
The black bear bites you. The black bear claws you. The black bear misses you.
The black bear closely misses you. x2; The black bear claws you.
* * * LOW HITPOINT WARNING * * *
You barely miss the black bear. You tail-slap the black bear.
The black bear looks weaker.
The black bear is almost dead.
The black bear bites you!
* * * LOW HITPOINT WARNING * * *
The black bear barely misses you.
The black bear claws you but does no damage.
The black bear closely misses you. x2; The black bear claws you.
* * * LOW HITPOINT WARNING * * *
You sock the black bear!
You kill the black bear!
The iguana barely misses you.
You barely miss the iguana. The iguana misses you.
You hit the iguana.
The iguana is heavily wounded.
The iguana barely misses you. The iguana bites you!
You die...

... ...#...........##.
.....h ..#...##.......#.
...... #... #..........
.......#..# #..........
.......#..#####.........
.............#...<......
#....##.##.............
#....l#.......#........
#@.....####.......
#).....# #.......
.....##...# ##.##...
.......#....# #..#...
.............# #..)..#
............... ..#.
.....$..........
.>......... #...


You could see an iguana.

Vanquished Creatures
  Sigmund (D:5)
  2 ice beasts
  2 black bears
  A bullfrog (D:4)
  2 bombardier beetles
  A hound (D:6)
  An iguana (D:4)
  A sleepcap (D:4)
  2 orc wizards (D:5)
  11 adders
  A white imp (D:5)
  A ribbon worm (D:2)
  2 dart slugs
  12 orcs
  4 bats
  5 endoplasms
  A giant cockroach (D:4)
  8 goblins
  6 hobgoblins
  2 jackals (D:1)
  3 quokkas
  6 ball pythons
  2 frilled lizards
  3 kobolds
  5 rats (D:1)
  A spectral hobgoblin (D:1)
86 creatures vanquished.

Vanquished Creatures (collateral kills)
  An endoplasm (D:1)
  A hobgoblin (D:1)
  A rat (D:2)
3 creatures vanquished.

Grand Total: 89 creatures vanquished

Notes
Turn   | Place    | Note
-------+----------+-------------------------------------------
     0 | D:1      | PaiMei the Demonspawn Necromancer began the quest for the
                  | Orb.
     0 | D:1      | Reached XP level 1. HP: 13/13 MP: 3/3
    23 | D:1      | Found Pepeit's Weapon Emporium.
   133 | D:1      | Found a faded altar of an unknown god.
   217 | D:1      | Gained mutation: You have a small tail. [demonic ancestry]
   217 | D:1      | Reached XP level 2. HP: 15/18 MP: 0/5
   998 | D:2      | Found a runed translucent door.
   999 | D:2      | Noticed Crazy Yiuf
  1031 | D:2      | Gained mutation: You have a tail ending in a sharp stinger.
                  | [demonic ancestry]
  1031 | D:2      | Reached XP level 3. HP: 25/25 MP: 3/6
  1035 | D:2      | Learned a level 3 spell: Vampiric Draining
  1077 | D:2      | Reached skill level 1 in Fighting
  1678 | D:3      | Identified the +9 mace "Xicve" {antimagic, Str+4 Int-2}
  1801 | D:3      | Gained mutation: You have a sharp stinger which inflicts
                  | weakening toxins. [demonic ancestry]
  1801 | D:3      | Reached XP level 4. HP: 32/32 MP: 1/7
  1948 | D:3      | Reached skill level 5 in Necromancy
  2706 | D:4      | Noticed a bullfrog
  2711 | D:4      | Killed a bullfrog
  2712 | D:4      | Reached XP level 5. HP: 28/38 MP: 3/9
  3060 | D:4      | Reached XP level 6. HP: 38/46 MP: 3/11
  3608 | D:5      | Entered Level 5 of the Dungeon
  4049 | D:5      | Noticed Sigmund
  4055 | D:5      | Killed Sigmund
  4056 | D:5      | Reached skill level 6 in Necromancy
  4056 | D:5      | Gained mutation: You are partially covered in slimy green
                  | scales. (AC +2) [demonic ancestry]
  4056 | D:5      | Reached XP level 7. HP: 44/52 MP: 3/13
  5082 | D:6      | Noticed a steam dragon
  5158 | D:6      | Slain by an iguana

Illustrated notes

Levels and vault maps discovered:
D:1:      dpeg_arrival_houses_and_road, layout_rooms, serial_shops,
          nicolae_shop_advertising_works [nicolae_subvault_shop_adworks],
          dreamdust_ecumenical_altar_drowned_temple
D:2:      layout_loops_ring, uniq_crazy_yiuf_cottage
D:3:      layout_basic, glass_columns_c
D:4:      layout_basic, chequers_serial_rivers_small_b
D:5:      layout_layer_cave, uniq_sigmund
D:6:      layout_cave_pools, gup_ossuary_entry_pyramid

Skill      XL: |  1  2  3  4  5  6  7 |
---------------+----------------------+-----
Dodging        | 2 3 4 |  4.5
Stealth        | 2 |  2.0
Fighting       | 1 2 3 4 |  4.2
Necromancy     | 5 6 |  6.6
Spellcasting   | 3 4 |  4.6

Action                     |  1- 3 |  4- 6 |  7- 9 || total
---------------------------+-------+-------+-------++-------
  Melee: Dagger            |    21 |       |       ||    21
         Spear             |     7 |       |       ||     7
         Tailslap          |     2 |     3 |     1 ||     6
         Mace              |     1 |    36 |    32 ||    69
         Punch             |       |     1 |     1 ||     2
   Cast: Necrotise         |    78 |    53 |    20 ||   151
         Vampiric Draining |       |       |     1 ||     1
   Stab: Sleeping          |       |     1 |       ||     1
 Armour: Robe              |    24 |    31 |    38 ||    93
  Dodge: Dodged            |    23 |    39 |    36 ||    98
